 Dungeon Crawl Stone Soup version 0.32-a0-791-gfc315c9ecd (webtiles) character file.

Game seed: 14402598738339872590

5560 sakurarose the Cleaver (level 10, -13/77 HPs)
             Began as a Coglin Gladiator on Mar 20, 2024.
             Was a Priest of Dithmenos.
             Mangled by a vault guard
             ... wielding a +0 broad axe
              (17 damage)
             ... in a bailey.
             The game lasted 01:21:51 (9173 turns).

sakurarose the Cleaver (Coglin Gladiator)           Turns: 9173, Time: 01:21:51

Health: -13/77     AC:  5    Str: 19      XL:     10   Next: 71%
Magic:  10/10      EV: 13    Int:  8 (10) God:    Dithmenos [***...]
Gold:   434        SH:  0    Dex: 13 (15) Spells: 9/9 levels left

rFire   + + .        y - +8 hand axe "Ifruisun" {venom, rPois Will+ Str+4 Int-2}
rCold   . . .        C - +7 dagger "Dragonbane" {flame, *Rage rElec rF+}
rNeg    . . .        w - +1 robe {rF+}
rPois   +            c - +1 helmet
rElec   +            (no cloak)
rCorr   .            (no gloves)
SInv    .            (no boots)
Will    +....        (amulet unavailable)
Stlth   +++          (ring unavailable)
HPRegen 0.32/turn    (ring unavailable)
MPRegen 0.12/turn    (no gizmo)

%: random rage (20%)
@: on berserk cooldown, wreathed by umbra, revving
A: off-hand wielding, slow wielding, warmup strikes, no jewellery
a: Invent Gizmo, Renounce Religion, Shadow Step


You were in a bailey.
You worshipped Dithmenos.
Dithmenos was most pleased with you.
You visited 1 branch of the dungeon, and saw 8 of its levels.
You also visited: Bailey.

You collected 434 gold pieces.

Inventory:

Hand Weapons
 a - a +0 war axe {Bob}
 o - a +4 quarterstaff of chaos {Qiang}
 q - a +2 hammer of protection {Esteban}
 r - a +0 scythe
 y - the +8 hand axe "Ifruisun" (weapon) {venom, rPois Will+ Str+4 Int-2}
   (You found it on level 5 of the Dungeon)

   Str+4:     It affects your strength (+4).
   Int-2:     It affects your intelligence (-2).
   rPois:     It protects you from poison.
   Will+:     It increases your willpower.
 C - the +7 dagger "Dragonbane" (offhand) {flame, *Rage rElec rF+}
   (You found it on level 5 of the Dungeon)

   rF+:       It protects you from fire.
   rElec:     It insulates you from electricity.
   *Rage:     It berserks you when you make melee attacks (+20% chance).
 D - a +0 flail of protection
 E - the +11 dagger of the Lumpy Geomancers {freeze, *Corrode Fly rC- Str+5}
   (You found it on level 6 of the Dungeon)

   Str+5:     It affects your strength (+5).
   rC-:       It makes you vulnerable to cold.
   Fly:       It grants you flight.
   *Corrode:  It may corrode you when you take damage.
 R - a +0 hand axe of electrocution
 S - a +2 flail of protection
Missiles
 d - 3 throwing nets
 e - a javelin
 N - 3 curare-tipped darts (quivered)
 Q - 4 poisoned darts
Armour
 b - a +0 leather armour
 c - a +1 helmet (worn)
 j - a +0 ring mail
 l - a +0 chain mail
 p - a +0 cloak
 u - a +2 leather armour of willpower
 w - a +1 robe of fire resistance (worn)
 I - a +0 plate armour
Magical Staves
 s - the staff of Tender Mercy {rElec rPois Earth}
   (You acquired it on level 5 of the Dungeon)

   [staff of earth]

   Base accuracy: +5 Base damage: 5 Base attack delay: 1.2 This weapon's minimum
   attack delay (0.6) is reached at skill level 12.
   rElec:     It insulates you from electricity.
   rPois:     It protects you from poison.
   Earth:     It increases the power of your Earth spells.
   It falls into the 'Staves' category.
   It is a one-graspered weapon.
Jewellery
 B - an amulet of reflection
 F - a ring of willpower
 O - a ring of resist corrosion
Wands
 v - a wand of iceblast (11)
 L - a wand of digging (7)
 P - a wand of charming (4)
Scrolls
 g - a scroll of noise
 h - 2 scrolls of blinking
 k - 3 scrolls of amnesia
 m - a scroll of torment
 n - a scroll of poison
 K - a scroll of fog
 M - 2 scrolls of vulnerability
Potions
 f - a potion of magic
 i - 2 potions of berserk rage
 A - 3 potions of haste
 H - a potion of enlightenment
 T - 2 potions of lignification {unknown}


   Skills:
 + Level 6.4 Fighting
 + Level 3.9 Short Blades
 + Level 9.7 Axes
 + Level 4.1 Staves
 + Level 2.6 Throwing
 + Level 2.9 Armour
 + Level 6.2 Dodging
 + Level 4.4 Stealth


You had 9 spell levels left.
You didn't know any spells.
Your spell library contained the following spells:

 Spells                   Type           Power      Damage    Failure   Level
 Magic Dart               Conj           0%         1d3       41%         1
 Blink                    Tloc           0%         N/A       54%         2
 Call Imp                 Summ           0%         N/A       54%         2
 Brom's Barrelling Bould  Conj/Erth      0%         2d3       99%         4
 Fireball                 Conj/Fire      0%         3d3       100%        5
 Iskenderun's Battlesphe  Conj           0%         2d6       100%        5
 Conjure Ball Lightning   Conj/Air       0%         3x3d6     100%        6
 Orb of Destruction       Conj           0%         9d5       100%        7


Dungeon Overview and Level Annotations

Branches:
Dungeon (8/15)             Temple (0/1) D:5          Bailey (1/1)
   Lair: D:8-11

Altars:
Dithmenos
Makhleb
Nemelex Xobeh
Ru

Annotations:
D:8 Dordric's ghost, novice CoBe


Innate Abilities, Weirdness & Mutations

You can wield a second weapon in your off-hand.
It takes a long time for you to wield or remove held weapons.
Your first few attacks do less damage.
You cannot equip rings or amulets.


Message History

The vault guard hits you with a +0 broad axe!
You swap places.
The vault guard hits you with a +0 broad axe!!
* * * LOW HITPOINT WARNING * * *
The vault guard hits your gnoll with a +0 broad axe!
Your gnoll closely misses Prince Ribbit.
You closely miss the vault guard with the +7 dagger "Dragonbane".
You barely miss the vault guard with the +8 hand axe "Ifruisun".
You hit Prince Ribbit with the +8 hand axe "Ifruisun".
Prince Ribbit is poisoned.
Prince Ribbit sighs, "It's not easy being green!"
Prince Ribbit closely misses you. The vault guard barely misses you.
The vault guard hits your gnoll with a +0 broad axe! x2
Your gnoll dies!
Your gnoll's corpse dissolves into shadows!
Your gnoll hits the vault guard but does no damage.
You puncture Prince Ribbit with the +7 dagger "Dragonbane"!
You burn Prince Ribbit.
Prince Ribbit is moderately wounded.
You slash Prince Ribbit with the +8 hand axe "Ifruisun"!
Prince Ribbit looks as sick as possible!
You slash the vault guard with the +8 hand axe "Ifruisun"!
Prince Ribbit hits you but does no damage.
The vault guard hits you with a +0 broad axe!
* * * LOW HITPOINT WARNING * * *
The vault guard misses your gnoll.
You puncture Prince Ribbit with the +7 dagger "Dragonbane"!
You burn Prince Ribbit.
Prince Ribbit is almost dead.
You hit Prince Ribbit with the +8 hand axe "Ifruisun".
Prince Ribbit looks as sick as possible!
You hit the vault guard with the +8 hand axe "Ifruisun".
You kill Prince Ribbit!
Dithmenos accepts your kill.
Your gnoll hits the vault guard with a +0 flail!
You hit the vault guard but do no damage.
The vault guard is moderately wounded.
You slash the vault guard with the +8 hand axe "Ifruisun"!
The vault guard hits you with a +0 broad axe!
You die...

##### ##?$?##
#?!.?!# #.....#
#.....# #..p..#
###.@.g.###
##~##.o.##≈##
##~~~##'##~~≈##
#~~~.......~~≈#
##.o.o..~...~~≈##
#.≈≈≈~....~.~~~≈#
#'###≈~)....~~~≈#
#g.o##≈~....~~~≈#
#ogog#≈~..~.~~~≈###


You could see a vault guard (ally target), a friendly orc warrior (summoned) and
a friendly gnoll (summoned).

Vanquished Creatures
  A vault guard (Bailey)
  Prince Ribbit (Bailey)
  Sigmund (D:3)
  4 yaks (D:7)
  A wyvern (D:6)
  3 humans (Bailey)
  A water moccasin (D:7)
  Duvessa (D:4)
  2 black bears (D:5)
  A centaur (D:7)
  Blork the orc (D:4)
  A kobold brigand (D:7)
  13 bullfrogs
  5 scorpions
  10 wights
  Dowan (D:4)
  An electric eel (D:8)
  A lava snake (D:8)
  A bombardier beetle (D:5)
  4 quasits (D:6)
  Crazy Yiuf (D:3)
  2 jellies
  An orc priest (D:7)
  7 hounds
  A gnoll bouda (D:5)
  A human skeleton (D:4)
  3 iguanas
  10 orc wizards
  A hound skeleton (D:4)
  Robin (D:3)
  4 gnolls (D:5)
  3 adders
  5 shadow imps
  A white imp (D:7)
  2 ufetubi (D:6)
  2 dart slugs
  A ribbon worm (D:2)
  20 orcs
  4 ball pythons
  4 endoplasms
  6 giant cockroaches
  17 goblins
  4 hobgoblins
  6 jackals (D:5)
  8 kobolds
  4 quokkas
  4 bats
  5 frilled lizards
  3 rats
185 creatures vanquished.

Notes
Turn   | Place    | Note
-------+----------+-------------------------------------------
     0 | D:1      | sakurarose the Coglin Gladiator began the quest for the
                  | Orb.
     0 | D:1      | Reached XP level 1. HP: 16/16 MP: 1/1
   340 | D:1      | Reached XP level 2. HP: 22/22 MP: 2/2
  1554 | D:2      | Reached XP level 3. HP: 27/27 MP: 3/3
  2673 | D:3      | Reached XP level 4. HP: 33/33 MP: 4/4
  2681 | D:3      | Noticed Robin
  2691 | D:3      | Killed Robin
  2692 | D:3      | Reached skill level 4 in Axes
  2795 | D:3      | Found a shadowy altar of Dithmenos.
  2852 | D:3      | Found a runed translucent door.
  2853 | D:3      | Noticed Crazy Yiuf
  2864 | D:3      | Killed Crazy Yiuf
  3195 | D:3      | Noticed Sigmund
  3206 | D:3      | Killed Sigmund
  3207 | D:3      | Reached skill level 1 in Short Blades
  3207 | D:3      | Reached skill level 1 in Armour
  3207 | D:3      | Reached XP level 5. HP: 24/41 MP: 5/5
  3207 | D:3      | Reached XP level 6. HP: 28/47 MP: 6/6
  3741 | D:4      | Reached skill level 5 in Axes
  3888 | D:3      | Became a worshipper of Dithmenos the Shadowed
  4228 | D:4      | Found a sacrificial altar of Ru.
  4383 | D:4      | Noticed Blork the orc
  4656 | D:4      | Killed Blork the orc
  4657 | D:4      | Reached skill level 1 in Staves
  4682 | D:4      | Noticed Duvessa
  4682 | D:4      | Noticed Dowan
  4800 | D:4      | Killed Duvessa
  4801 | D:4      | Reached XP level 7. HP: 27/52 MP: 7/7
  4814 | D:4      | Killed Dowan
  4966 | D:4      | Found a burning altar of Makhleb.
  5065 | D:5      | Entered Level 5 of the Dungeon
  5086 | D:5      | Identified the +8 hand axe "Ifruisun" {venom, rPois Will+
                  | Str+4 Int-2}
  5105 | D:5      | Reached skill level 1 in Stealth
  5175 | D:5      | Found a staircase to the Ecumenical Temple.
  5222 | D:5      | Reached XP level 8. HP: 55/60 MP: 8/8
  5303 | D:5      | Identified the +7 dagger "Dragonbane" {flame, *Rage rElec
                  | rF+}
  5551 | D:5      | Identified a scroll of acquirement
  5551 | D:5      | Acquired the staff of Tender Mercy {rElec rPois Earth}
  5692 | D:5      | Reached * piety under Dithmenos
  6534 | D:6      | Found a sparkling altar of Nemelex Xobeh.
  6674 | D:6      | Identified the +11 dagger of the Lumpy Geomancers {freeze,
                  | *Corrode Fly rC- Str+5}
  6729 | D:6      | Reached skill level 6 in Axes
  6777 | D:6      | Noticed a wyvern
  6783 | D:6      | Killed a wyvern
  6784 | D:6      | Reached XP level 9. HP: 51/66 MP: 9/9
  6797 | D:6      | Reached skill level 5 in Dodging
  7154 | D:7      | Reached ** piety under Dithmenos
  7162 | D:7      | Reached skill level 7 in Axes
  7539 | D:7      | Reached skill level 5 in Fighting
  7804 | D:7      | Reached skill level 8 in Axes
  8263 | D:6      | Reached XP level 10. HP: 74/74 MP: 10/10
  8777 | D:8      | Found a runed translucent gate.
  8777 | D:8      | Found a runed translucent gate.
  8778 | D:8      | Found a runed translucent gate.
  8782 | D:8      | Reached skill level 9 in Axes
  8782 | D:8      | Noticed Dordric's ghost (novice CoBe)
  8819 | D:8      | Found a flagged portal.
  8865 | Bailey   | Entered a bailey
  9074 | Bailey   | Reached *** piety under Dithmenos
  9106 | Bailey   | Noticed a vault guard
  9129 | Bailey   | Killed a vault guard
  9165 | Bailey   | Noticed a vault guard
  9165 | Bailey   | Noticed Prince Ribbit
  9171 | Bailey   | HP: 3/77 [vault guard/+0 broad axe (15)]
  9172 | Bailey   | Killed Prince Ribbit
  9173 | Bailey   | Mangled by a vault guard

Illustrated notes

Levels and vault maps discovered:
D:1:      orjb1_clovarrival, layout_basic
D:2:      layout_loops_ring, uniq_natasha
D:3:      layout_basic, overflow_temple_1_default, serial_rivers,
          chequers_serial_rivers_micro_d, chequers_serial_rivers_marsh,
          chequers_serial_rivers_small_b, chequers_serial_rivers_small_b,
          chequers_serial_rivers_micro_b, serial_park_tiny_1,
          serial_bayou_pond_e, uniq_crazy_yiuf_cottage, uniq_sigmund, uniq_robin
D:4:      layout_rooms, makhleb_blood_cavern_becter,
          mainiacjoe_overflow_catwalk, fountainhead, roderic_roman_lattice,
          uniq_blork_the_orc, uniq_duvessa
D:5:      layout_loops_cross, minmay_temple_entry_slanted, st_stairs_5,
          chequers_big_river, dk_noncrumbling_2, minmay_misc_feat_five
D:6:      layout_loops_corners, nicolae_overflow_crystal_walls, serial_demonic,
          serial_demonic_a, serial_demonic_a, serial_demonic_c,
          serial_demonic_b, serial_demonic_g, serial_demonic_e,
          serial_demonic_a, serial_demonic_c, serial_demonic_c, serial_demonic_c
D:7:      layout_loops_ring
D:8:      layout_basic, lair_entry_dummy, enter_bailey_2,
          gammafunk_ghost_necromancy, nicolae_lava_and_water, uniq_joseph
Bailey:   bailey_axe_froggy_fort_hellmonk, bailey

Skill      XL: |  1  2  3  4  5  6  7  8  9 10 |
---------------+-------------------------------+-----
Throwing       | 2 |  2.6
Dodging        | 3 4 5 6 |  6.2
Axes           | 4 5 6 8 9 |  9.7
Fighting       | 3 4 5 6 |  6.4
Short Blades   | 1 2 3 |  3.9
Armour         | 1 2 |  2.9
Staves         | 1 3 4 |  4.1
Stealth        | 1 2 3 4 |  4.4

Action                     |  1- 3 |  4- 6 |  7- 9 | 10-12 || total
---------------------------+-------+-------+-------+-------++-------
  Melee: War axe           |   183 |    25 |       |       ||   208
         Dagger            |   181 |    20 |   113 |    72 ||   386
         Quarterstaff      |       |    58 |    23 |       ||    81
         Hand axe          |       |       |   126 |    74 ||   200
  Throw: Javelin           |       |       |     2 |       ||     2
         Throwing net      |       |       |     2 |       ||     2
         Dart              |       |       |       |     3 ||     3
    Use: Scroll            |     4 |     4 |     7 |     5 ||    20
         Potion            |     3 |       |     2 |     5 ||    10
   Stab: Sleeping          |       |       |     6 |     2 ||     8
         Distracted        |       |       |     1 |       ||     1
 Armour: Leather armour    |     8 |    36 |     1 |       ||    45
         Ring mail         |    36 |       |       |       ||    36
         Chain mail        |       |    43 |       |       ||    43
         Robe              |       |       |   115 |    60 ||   175
  Dodge: Dodged            |    44 |    35 |   116 |    49 ||   244

Table legend: (Time is in decaauts)
 A = Elapsed time spent in this place.
 B = Non-inter-level travel time spent in this place.
 C = Inter-level travel time spent in this place.
 D = Time resting spent in this place.
 E = Time spent auto-exploring this place.
 F = Levels seen in this place.
 G = Mean time per level.
                   A        B        C        D        E       F      G
               +--------+--------+--------+--------+--------+-----+--------+
         Total |   9441 |   1867 |   7574 |      0 |      0 |   9 | 1049.0 |
       Dungeon |   9090 |   1516 |   7574 |      0 |      0 |   8 | 1136.2 |
        Bailey |    351 |    351 |      0 |      0 |      0 |   1 |  351.0 |
               +--------+--------+--------+--------+--------+-----+--------+

Top non-repeatable levels by time:
     D:3: 1590 daAuts
     D:1: 1473 daAuts
     D:5: 1425 daAuts
     D:6: 1216 daAuts
     D:4: 1204 daAuts
     D:7: 1100 daAuts
     D:2: 883 daAuts
  Bailey: 351 daAuts
     D:8: 196 daAuts
